Map: Abyssal Reef LE

Players

Winthrowe - Winner!

  • Race: Terran Terran
  • League: Silver
  • Spawn Location: 11:00

A.I. 1 (Harder)

  • Race: Terran Terran
  • Spawn Location: 5:00

VOD

Have the link to the VOD?

Description

Time

  • Played on: Aug. 19, 2017, 7:49 p.m.
  • Length: 11:38
Show
View Real Time Build Order
Export as new Build Order

Winthrowe Terran - Winner!

Build Orders: MMM Bio 

Get SALT Encoding   

  12  0:02  SCV  
  13  0:14  SCV  
  13  0:18  Supply Depot  
  14  0:26  SCV  
  15  0:40  SCV  
  15  0:41  Barracks  
  16  0:52  SCV  
  18  1:04  SCV  
  18  1:10  Refinery  
  18  1:16  SCV  
  19  1:28  SCV  
  19  1:31  Supply Depot  
  20  1:33  Marine  
  20  1:37  Refinery  
  21  1:40  SCV  
  22  1:52  SCV  
  23  1:58  Barracks  
  23  1:59  Marine  
  24  2:04  SCV  
  25  2:19  Orbital Command  
  25  2:31  Marine  
  26  2:48  Marine  
  26  2:49  Command Center  
  26  2:50  Barracks Tech Lab  
  27  2:58  SCV  
  28  3:06  Marine  
  28  3:10  SCV  
  30  3:22  SCV  
  31  3:30  Supply Depot  
  31  3:32  Supply Depot  
  31  3:51  Marine  
  31  3:52  SCV, Marauder  
  31  3:54  Supply Depot  
  35  4:04  SCV, Refinery  
  35  4:09  Marine  
  37  4:12  Engineering Bay  
  37  4:13  Marine  
  38  4:26  Concussive Shells  
  38  4:27  Marine, Refinery  
  41  4:31  Marauder  
  41  4:38  Engineering Bay  
  41  4:39  SCV x2  
  41  4:45  Marine  
  44  4:58  Marauder  
  46  5:02  SCV x2  
  46  5:03  Marine  
  49  5:07  Factory  
  49  5:09  Stimpack  
  49  5:14  Planetary Fortress, SCV  
  49  5:18  Marine, Terran Infantry Weapons Level 1  
  49  5:21  Terran Infantry Armor Level 1  
  46  5:40  Marauder  
  48  5:55  Barracks Reactor  
  48  6:02  Marauder  
  50  6:04  Starport  
  45  6:23  Marauder  
  40  6:31  Factory Tech Lab  
  40  6:41  Marine x2  
  40  6:44  Armory, Marauder  
  42  6:51  SCV x2  
  44  6:59  Marine x2  
  46  7:03  SCV x2  
  46  7:06  Marauder  
  50  7:09  Combat Shields  
  50  7:11  Command Center  
  50  7:15  SCV x2  
  51  7:17  Marine x2, Starport Reactor  
  51  7:20  Command Center  
  51  7:21  Infernal Pre-Igniter  
  54  7:27  SCV, Marauder  
  54  7:28  SCV  
  58  7:34  Marine  
  58  7:35  Marine  
  60  7:39  SCV  
  60  7:40  SCV  
  62  7:49  Marauder  
  64  7:52  Marine  
  64  7:53  Marine, Medivac x2  
  70  8:10  Supply Depot  
  70  8:23  Marine x2, Siege Tank, Marauder  
  77  8:28  Medivac  
  77  8:31  Medivac  
  77  8:32  Supply Depot  
  81  8:40  Marine x2  
  83  8:41  Planetary Fortress  
  83  8:44  Marauder  
  83  8:45  Planetary Fortress  
  85  8:55  Supply Depot  
  85  8:56  SCV  
  85  8:57  SCV  
  85  8:58  Marine x2  
  89  9:06  Marauder  
  89  9:08  SCV  
  89  9:09  SCV  
  91  9:16  Marine x2  
  91  9:18  Supply Depot  
  91  9:20  SCV  
  91  9:21  SCV  
  93  9:27  Marauder  
  95  9:32  SCV  
  95  9:33  Viking x2, SCV  
  95  9:34  Marine x2  
  103  9:40  Supply Depot  
  103  9:47  Hellion  
  103  9:49  Marauder  
  103  9:52  Marine x2  
  109  10:03  Supply Depot  
  109  10:08  Hellion  
  109  10:09  Marine x2  
  109  10:10  Marauder  
  110  10:30  Hellion  
  110  10:31  Marine x2, Marauder  
  116  10:49  Marine x2  
  117  10:51  Hellion  
  117  10:53  Marauder  
  120  11:06  Marine  
  120  11:07  Marine  
  122  11:13  Hellion  
  122  11:14  Marauder  
Show
View Real Time Build Order
Export as new Build Order

A.I. 1 (Harder) Terran 

Build Orders: MMM Bio 

Get SALT Encoding   

  12  0:00  SCV  
  13  0:13  SCV  
  14  0:19  Supply Depot  
  14  0:25  SCV  
  15  0:40  SCV  
  16  0:42  Barracks  
  16  0:49  Refinery  
  16  0:52  SCV  
  17  1:04  SCV  
  18  1:16  SCV  
  19  1:23  Supply Depot  
  19  1:29  Marine, SCV  
  21  1:44  Orbital Command, Barracks  
  21  1:47  Marine  
  21  1:50  Refinery  
  22  2:06  Barracks Tech Lab  
  22  2:11  Supply Depot  
  22  2:24  Marine  
  23  2:30  Marine  
  24  2:42  Marine  
  25  2:48  Marine, Supply Depot  
  26  3:00  Marauder  
  26  3:02  SCV  
  29  3:06  Marine  
  30  3:14  SCV, Engineering Bay  
  31  3:21  Marauder  
  31  3:25  Supply Depot  
  31  3:26  SCV  
  34  3:38  SCV  
  35  3:43  Marauder  
  37  3:51  SCV  
  38  4:03  SCV  
  38  4:04  Marauder  
  41  4:26  Marauder  
  43  4:47  Marauder  
  43  4:49  Barracks Tech Lab  
  43  4:50  Stimpack  
  43  4:51  Factory  
  45  4:54  Factory  
  45  4:56  Supply Depot  
  45  4:58  Command Center  
  45  5:06  Combat Shields  
  45  5:08  Marine, Reaper  
  45  5:13  Terran Infantry Weapons Level 1  
  47  5:25  Marine  
  39  5:40  Marine  
  38  5:43  Marine, Starport  
  38  5:44  Factory Tech Lab x2  
  39  5:58  Marine  
  39  6:02  Marauder  
  42  6:06  Ghost Academy  
  42  6:11  SCV  
  42  6:15  SCV  
  42  6:16  Marine  
  40  6:20  Starport Tech Lab, Refinery  
  40  6:22  Marine  
  40  6:23  SCV  
  40  6:24  Refinery  
  39  6:27  SCV  
  40  6:33  Marine  
  40  6:35  SCV  
  43  6:40  Marine, SCV  
  43  6:42  Starport  
  43  6:44  Concussive Shells  
  44  6:48  SCV  
  44  6:51  Reaper  
  44  6:52  SCV  
  47  6:58  Marine  
  47  7:00  SCV  
  49  7:04  SCV  
  49  7:08  Terran Infantry Armor Level 1  
  50  7:12  SCV  
  51  7:16  Marine, SCV  
  51  7:18  Starport Tech Lab  
  53  7:24  Raven, SCV, Marauder  
  53  7:28  SCV  
  59  7:34  Reaper  
  59  7:36  Raven, SCV  
  63  7:39  Supply Depot  
  63  7:40  SCV  
  64  7:44  Ghost  
  64  7:47  Missile Turret  
  64  7:48  SCV  
  67  7:52  SCV  
  67  7:55  Missile Turret  
  68  8:00  SCV  
  68  8:01  Sensor Tower  
  68  8:04  SCV  
  70  8:06  Marauder  
  70  8:11  Armory  
  70  8:12  SCV  
  73  8:13  Marine  
  73  8:16  SCV  
  73  8:17  Supply Depot  
  75  8:24  Bunker, SCV  
  76  8:27  Marine  
  76  8:32  Marauder  
  79  8:34  Barracks  
  79  8:40  Hellion  
  81  8:44  Siege Tank  
  81  8:45  Supply Depot  
  81  8:48  Marine  
  85  8:56  Command Center  
  85  9:03  Siege Tank  
  84  9:15  Factory  
  84  9:16  Marine  
  71  9:21  Marine, Raven  
  70  9:25  Marine  
  70  9:30  Hellion  
  73  9:35  Siege Tank  
  76  9:44  Medivac  
  78  9:51  Siege Tank  
  79  9:53  Starport  
  79  9:56  Marine  
  68  10:00  Marine  
  68  10:08  Hellion  
  68  10:14  Marine, Medivac  
  72  10:19  Marauder  
  50  10:23  Hellion  
  41  10:29  Hellion  
  41  10:32  Marine  
  30  10:40  Marauder  
  28  10:44  Viking, SCV  
  28  10:45  Hellion  
  28  10:49  Marine, SCV  
  33  10:50  Siege Tank  
  5  11:26  SCV  
Tags
 
Composition
MMM BioMMM Bio
League
Silver
Matchup
TvT
Race
Terran
Spawn Locations
Cross Positions
Add a new tag
Caveats
  • Supply blocks, unpowered buildings, or Contaminate may cause inaccurate times.
  • Supply counts are checked every 10 seconds.